 Dungeon Crawl Stone Soup version 0.30.0-5-g1a98f26d00 (webtiles) character file.

Game seed: 13092614558465606222

3873 javelincjr the Firebug (level 10, 0/74 HPs)
             Began as a Demonspawn Fire Elementalist on May 12, 2023.
             Was a Follower of Sif Muna.
             Slain by a troll (10 damage)
             ... on level 8 of the Dungeon.
             The game lasted 00:46:22 (9254 turns).

javelincjr the Firebug (DsFE)                       Turns: 9254, Time: 00:46:25

Health: 0/74       AC: 11    Str:  8    XL:     10   Next: 0%
Magic:  16/19      EV: 13    Int: 21    God:    Sif Muna [*.....]
Gold:   273        SH:  5    Dex: 17    Spells: 16/21 levels left

rFire   x . .        n - +5 short sword (venom)
rCold   + . .        z - +1 buckler {AC+3}
rNeg    . . .        m - +1 ring mail of the Worm {Rampage +Inv Dex+3 Slay-2}
rPois   .            (helmet restricted)
rElec   .            t - +0 cloak
rCorr   .            s - +0 pair of gloves
SInv    .            (no boots)
Will    .....        (no amulet)
Stlth   ++           g - ring of ice
HPRegen 0.32/turn    (no ring)
MPRegen 0.16/turn

%: rampage
@: no status effects
A: horns 1, powered by death 2, sturdy frame 1, demonic magic 1
a: Renounce Religion, Evoke Invisibility, Channel Magic


You were on level 8 of the Dungeon.
You worshipped Sif Muna.
Sif Muna was aware of your devotion.
You visited 2 branches of the dungeon, and saw 9 of its levels.

You collected 273 gold pieces.

Inventory:

Hand Weapons
 n - a +5 short sword of venom (weapon)
Armour
 a - a +0 robe
 m - the +1 ring mail of the Worm (worn) {Rampage +Inv Dex+3 Slay-2}
   (You found it on level 6 of the Dungeon)

   Dex:       It affects your dexterity (+3).
   Slay:      It affects your accuracy & damage with ranged weapons and melee
   (-2).
   +Inv:      It lets you turn invisible.
   Rampage:   It bestows one free step when moving towards enemies.
 q - a +2 scale mail of willpower
 s - a +0 pair of gloves (worn)
 t - a +0 cloak (worn)
 z - a +1 buckler of protection (worn)
 B - a +1 leather armour of cold resistance
Jewellery
 g - a ring of ice (left hand)
Wands
 p - a wand of quicksilver (4)
 u - a wand of flame (27)
 v - a wand of mindburst (8)
Scrolls
 c - 5 scrolls of teleportation
 l - 3 scrolls of blinking
 r - 2 scrolls of enchant weapon
 x - a scroll of amnesia
 y - a scroll of fear
Potions
 b - 2 potions of magic
 d - a potion of berserk rage
 e - 2 potions of heal wounds
 f - 3 potions of flight
 h - a potion of cancellation {unknown}
 j - a potion of resistance {unknown}
 k - 2 potions of might
 o - a potion of lignification {unknown}
 w - 3 potions of curing


   Skills:
 * Level 5.4 Fighting
 + Level 5.9 Dodging
 - Level 1.8 Stealth
 + Level 6.1 Spellcasting
 + Level 6.3 Conjurations
 + Level 3.3 Translocations
 + Level 6.3 Fire Magic


You had 16 spell levels left.
You knew the following spells:

 Your Spells              Type           Power      Damage    Failure   Level
a - Foxfire               Conj/Fire      100%       2x1d9     1%          1
b - Scorch                Fire           66%        2d7       3%          2
c - Blink                 Tloc           40%        N/A       11%         2

Your spell library contained the following spells:

 Spells                   Type           Power      Damage    Failure   Level
 Momentum Strike          Conj/Tloc      52%        3d9       6%          2
 Lesser Beckoning         Tloc           40%        N/A       11%         2
 Static Discharge         Conj/Air       38%        2-4/arc   12%         2
 Volatile Blastmotes      Fire/Tloc      52%        2d14      12%         3
 Flame Wave               Conj/Fire      33%        2d10      21%         4
 Inner Flame              Hex/Fire       19%        N/A       22%         3
 Freeze                   Ice            36%        1d5       28%         1
 Ensorcelled Hibernation  Hex/Ice        18%        N/A       38%         2
 Passwall                 Tmut/Erth      5%         N/A       38%         2
 Sublimation of Blood     Necr           6%         N/A       38%         2
 Wereblood                Tmut           6%         N/A       38%         2
 Fireball                 Conj/Fire      16%        3d8       50%         5
 Iskenderun's Battlesphe  Conj           33%        2d9       50%         5
 Swiftness                Air            6%         N/A       63%         3
 Airstrike                Air            3%         2d(1-17)  95%         4
 Summon Lightning Spire   Summ/Air       6%         N/A       95%         4
 Conjure Ball Lightning   Conj/Air       9%         3x3d6     100%        6
 Orb of Destruction       Conj           16%        9d7       100%        7
 Summon Hydra             Summ           3%         N/A       100%        7


Dungeon Overview and Level Annotations

Branches:
Dungeon (8/15)             Temple (1/1) D:6            Lair (0/5) D:8

Altars:
Ashenzari
Cheibriados
Fedhas
Gozag
Hepliaklqana
Kikubaaqudgha
Makhleb
Nemelex Xobeh
Okawaru
Qazlal
Ru
Sif Muna
Uskayaw
Xom
Yredelemnul


Innate Abilities, Weirdness & Mutations

You have a pair of small horns on your head.
You regenerate health from kills.
Your movements are slightly less encumbered by armour. (ER -2)
Spells you cast may paralyse adjacent enemies.


Message History

Sif Muna accepts your kill.
You hear a splash.
You conjure some foxfire!
Malevolent energies surge around you.
The foxfire hits the orc.
You kill the orc!
Sif Muna accepts your kill.
Your foxfire dissipates! x2
Your foxfire dissipates!
Your foxfire dissipates! x2
A troll comes into view.
The troll shouts!
There is a stone staircase leading down here.
Things that are here:
a hound skeleton; a wolf skeleton
There is a stone staircase leading up here.
You climb upwards.
There is a stone staircase leading down here.
You start resting.
Magic restored.
You climb downwards.
The troll bites you! The troll claws you! The troll claws you.
The troll misses you. The troll claws you! The troll barely misses you.
There is a stone staircase leading up here.
Casting: Foxfire (safe; 1% risk of failure)
Confirm with . or Enter, or press ? or * to list all spells.
You conjure some foxfire!
Malevolent energies surge around you. The troll bites you!
The troll closely misses you. The troll claws you.
Casting: Foxfire (safe; 1% risk of failure)
Confirm with . or Enter, or press ? or * to list all spells.
Flames lash the troll.
The troll is lightly wounded.
The troll's fire resistance burns away.
Malevolent energies surge around you.
The foxfire hits the troll.
The troll is lightly wounded.
The foxfire hits the troll!
The troll is burned terribly!
The troll is moderately wounded.
The troll bites you!
* * * LOW HITPOINT WARNING * * *
The troll misses you. The troll claws you!
You die...

.......#.....÷~.≈≈~...~.
..............~≈≈≈..>...
............~~≈≈≈~~.....
..............~≈≈~.~.~
.............~~≈≈~~~≈~
..............~~≈~≈≈≈≈
......#..........~≈≈≈
.....##§#...~..~.~≈≈
.....#.@##.......≈~≈
.... #T###..#.#...##
.... #.# ##.#.###.. ...
#.# .#.# #.# .# ..# .##
. ..


You could see a troll (combustible).

Vanquished Creatures
  Grinder (D:3)
  Prince Ribbit (D:5)
  A shadow (D:7)
  2 steam dragons
  Edmund (D:6)
  A black bear (D:4)
  An orc warrior (D:7)
  3 ice beasts (D:7)
  3 ogres
  3 wolves (D:8)
  2 kobold brigands
  2 bullfrogs (D:7)
  A gnoll sergeant (D:5)
  6 scorpions
  3 killer bees (D:8)
  3 electric eels (D:8)
  2 jellies
  Crazy Yiuf (D:5)
  5 hounds
  7 orc priests
  4 iguanas
  2 sleepcaps
  5 orc wizards
  Robin (D:2)
  8 adders
  4 gnolls (D:5)
  A shadow imp (D:5)
  2 white imps
  2 ufetubi
  2 worms
  5 dart slugs
  29 orcs
  A bat (D:2)
  7 endoplasms
  4 giant cockroaches
  14 goblins
  9 hobgoblins
  6 jackals
  20 kobolds
  4 quokkas
  7 ball pythons
  2 frilled lizards (D:2)
  4 rats
192 creatures vanquished.

Vanquished Creatures (others)
  690 foxfires
690 creatures vanquished.

Grand Total: 882 creatures vanquished

Notes
Turn   | Place    | Note
-------+----------+-------------------------------------------
     0 | D:1      | javelincjr the Demonspawn Fire Elementalist began the quest
                  | for the Orb.
     0 | D:1      | Reached XP level 1. HP: 13/13 MP: 3/3
    43 | D:1      | Found a faded altar of an unknown god.
    51 | D:1      | Got Plato's Handbook of Rime
   558 | D:1      | Gained mutation: You regenerate a little health from kills.
                  | [demonic ancestry]
   558 | D:1      | Reached XP level 2. HP: 16/19 MP: 0/5
   801 | D:1      | Learned a level 2 spell: Scorch
  1178 | D:2      | Reached XP level 3. HP: 24/24 MP: 2/6
  1719 | D:2      | Noticed Robin
  1852 | D:2      | Killed Robin
  1853 | D:2      | Gained mutation: Your movements are slightly less
                  | encumbered by armour. (ER -2) [demonic ancestry]
  1853 | D:2      | Reached XP level 4. HP: 30/30 MP: 0/7
  2761 | D:3      | Gained mutation: You have a pair of small horns on your
                  | head. [demonic ancestry]
  2761 | D:3      | Reached XP level 5. HP: 30/35 MP: 9/9
  3335 | D:3      | Noticed Grinder
  3670 | D:3      | Reached XP level 6. HP: 41/41 MP: 7/10
  3973 | D:3      | Killed Grinder
  4313 | D:4      | Learned a level 2 spell: Blink
  4327 | D:4      | Gained mutation: You regenerate health from kills. [demonic
                  | ancestry]
  4327 | D:4      | Reached XP level 7. HP: 42/46 MP: 0/12
  5593 | D:5      | Entered Level 5 of the Dungeon
  5669 | D:5      | Reached skill level 5 in Fire Magic
  5669 | D:5      | Reached XP level 8. HP: 52/52 MP: 9/14
  5726 | D:5      | Noticed Prince Ribbit
  5731 | D:5      | Killed Prince Ribbit
  5946 | D:5      | Reached skill level 5 in Conjurations
  6161 | D:5      | Reached skill level 1 in Fighting
  6396 | D:5      | Found a runed translucent door.
  6397 | D:5      | Noticed Crazy Yiuf
  6429 | D:5      | Reached skill level 5 in Spellcasting
  6481 | D:5      | Killed Crazy Yiuf
  6690 | D:6      | Reached skill level 5 in Dodging
  6690 | D:6      | Reached skill level 1 in Translocations
  6902 | D:6      | Found a staircase to the Ecumenical Temple.
  6910 | Temple   | Entered the Ecumenical Temple
  6919 | Temple   | Became a worshipper of Sif Muna the Loreminder
  6931 | Temple   | Identified a scroll of acquirement
  6931 | Temple   | Acquired a +2 spectral quarterstaff
  6987 | D:6      | Identified the +1 ring mail of the Worm {Rampage +Inv Dex+3
                  | Slay-2}
  7568 | D:6      | Noticed Edmund
  7576 | D:6      | Killed Edmund
  7577 | D:6      | Reached XP level 9. HP: 64/64 MP: 6/17
  8347 | D:7      | Reached * piety under Sif Muna
  8875 | D:8      | Reached skill level 5 in Fighting
  9101 | D:8      | Found a staircase to the Lair.
  9135 | D:8      | Gained mutation: Spells you cast may paralyse adjacent
                  | enemies. [demonic ancestry]
  9135 | D:8      | Reached XP level 10. HP: 74/74 MP: 4/19
  9254 | D:8      | Slain by a troll

Illustrated notes

Levels and vault maps discovered:
D:1:      reono_arrival_forest_river, layout_basic,
          shapermc_ecumenical_altar_rom_forum
D:2:      layout_basic, uniq_robin
D:3:      layout_loops_corners, uniq_grinder
D:4:      layout_basic
D:5:      layout_rooms, uniq_prince_ribbit1, uniq_crazy_yiuf_cottage
D:6:      layout_loops_cross, minmay_temple_entry_slanted, uniq_edmund
D:7:      layout_gridville
D:8:      layout_rooms, general_overflow_altar, mainiacjoe_overflow_24_doors,
          erik_lair_island, uniq_amaemon
Temple:   sentei_temple_godly_chess

Skill      XL: |  1  2  3  4  5  6  7  8  9 |
---------------+----------------------------+-----
Dodging        | 2 3 4 5 |  5.9
Fire Magic     | 3 4 5 6 |  6.3
Conjurations   | 2 3 4 5 6 |  6.3
Spellcasting   | 3 4 5 6 |  6.1
Fighting       | 3 5 |  5.4
Translocations | 1 3 |  3.3
Stealth        | |  1.8

Action                     |  1- 3 |  4- 6 |  7- 9 | 10-12 || total
---------------------------+-------+-------+-------+-------++-------
  Melee: Unarmed           |    10 |       |       |       ||    10
         Punch             |     2 |     1 |       |       ||     3
         Short sword       |    15 |    62 |    57 |       ||   134
         Headbutt          |       |     2 |    12 |       ||    14
   Cast: Foxfire           |    75 |    75 |   243 |     5 ||   398
         Scorch            |     3 |    11 |    65 |     1 ||    80
    Use: Scroll            |       |     8 |     8 |       ||    16
   Stab: Sleeping          |       |     1 |       |       ||     1
 Armour: Robe              |     7 |    19 |    10 |       ||    36
         Ring mail         |       |       |    26 |       ||    26
  Dodge: Dodged            |    17 |    39 |    78 |     4 ||   138
  Block: Buckler           |       |       |    19 |       ||    19
